 Dungeon Crawl Stone Soup version 0.31-a0-700-gf13585253f (webtiles) character file.

Game seed: 7720141014936934625

52 qw the Shooter (level 3, -1/23 HPs)
             Began as a Gargoyle Hunter on Sept 7, 2023.
             Slain by an orc wizard
             ... wielding a +0 dagger
              (3 damage)
             ... on level 3 of the Dungeon.
             The game lasted 00:00:26 (1388 turns).

qw the Shooter (Gargoyle Hunter)                    Turns: 1388, Time: 00:00:26

Health: -1/23      AC:  7    Str: 14    XL:     3   Next: 85%
Magic:  3/3        EV: 11    Int:  9    God:
Gold:   91         SH:  0    Dex: 15    Spells: 2/2 levels left

rFire   . . .        Y - +0 shortbow
rCold   . . .        (shield currently unavailable)
rNeg    + . .        c - +0 leather armour
rPois   inf          (no helmet)
rElec   +            g - +0 cloak
rCorr   .            (no gloves)
SInv    .            (no boots)
Will    .....        (no amulet)
Stlth   ++           (no ring)
HPRegen 0.23/turn    (no ring)
MPRegen 0.08/turn

%: no passive effects
@: no status effects
A: sickness immunity, AC +3, negative energy resistance 1, electricity
resistance, torment resistance 1, petrification resistance
a: no special abilities


You were on level 3 of the Dungeon.
You visited 1 branch of the dungeon, and saw 3 of its levels.

You collected 91 gold pieces.


Innate Abilities, Weirdness & Mutations

You are immune to sickness and miasma.
Your stone body is resilient. (AC +3)
You are immune to poison.
You resist negative energy. (rN+)
You are resistant to electric shocks. (rElec)
You are resistant to unholy torment.
You are immune to petrification.


   Skills:
 - Level 3.0 Fighting
 + Level 5.0 Ranged Weapons
 - Level 1.5 Dodging
 - Level 1.1 Stealth


You had 2 spell levels left.
You didn't know any spells.
Your spell library was empty.

Inventory:

Hand Weapons
 Y - a +0 shortbow (weapon)
Armour
 c - a +0 leather armour (worn)
 g - a +0 cloak (worn)
Scrolls
 a - 2 scrolls of identify {unknown}
Potions
 d - a potion of brilliance {unknown}
 h - a potion of lignification {unknown}

Dungeon Overview and Level Annotations

Branches:
Dungeon (3/15)

Altars:

Shops:
D:1 (

Annotations:
D:3 3 runed translucent doors, qw's ghost, amateur GrHu


Message History

A magic dart appears from out of thin air!
The magic dart hits you.
Your Fighting skill increases to level 3!
You shoot an arrow. The arrow barely misses the orc.
Something hits you. The orc hits you but does no damage.
You shoot an arrow. The arrow barely misses the orc.
You hear some strange, mumbled words.
You are confused.
The orc hits you with a +0 short sword. The orc barely misses you.
Something hits you but does no damage. The orc hits you with a +0 short sword.
You hear some strange, mumbled words.
Something tries to affect you, but you resist.
The orc closely misses you. Something hits you but does no damage.
The orc hits you but does no damage. Something hits you.
The orc closely misses you. Something hits you. The orc closely misses you.
Something hits you.
You feel less confused. The orc hits you but does no damage.
You hear some strange, mumbled words.
Something tries to affect you, but you resist.
You shoot an arrow. The arrow hits the orc.
The orc is moderately wounded.
The orc hits you but does no damage.
You hear some strange, mumbled words.
Something tries to affect you, but you resist.
You shoot an arrow. The arrow hits the orc.
You kill the orc!
Something hits you.
You shoot an arrow.
Something hits you but does no damage. x2
You shoot an arrow. Something hits you but does no damage.
You shoot an arrow. Something hits you but does no damage.
You shoot an arrow. Something hits you.
You shoot an arrow. Something hits you. x2
You die...

8.. .!_[... 8
#............ #
#.#8#..8..#8#.#
#.###.ooo.###.# .. ###
#....#####....# ..# ....
#.oWo.........#..#
<....######+++######..#
.....8))...........8..#
......{@..............
.....####......##.#.##..
... ######......<... .
####...#....#
######............
#.........)...#.#.
.......##.###.# ..
#......##.###.#..#
#................#


You could see qw's ghost and 3 orcs.

Vanquished Creatures
  2 adders (D:2)
  4 orcs (D:3)
  3 endoplasms (D:1)
  A giant cockroach (D:2)
  A goblin (D:3)
  3 hobgoblins
  4 quokkas
  3 ball pythons
  4 bats
  A frilled lizard (D:2)
  5 rats
31 creatures vanquished.

Notes
Turn   | Place    | Note
-------+----------+-------------------------------------------
     0 | D:1      | qw the Gargoyle Hunter began the quest for the Orb.
     0 | D:1      | Reached XP level 1. HP: 12/12 MP: 1/1
     0 | D:1      | 0 ||| qw: Version: 0.3-a-76-g4403597
     0 | D:1      | 0 ||| qw: Game counter: 613
     0 | D:1      | 0 ||| qw: Melee chars always use a shield: true
     0 | D:1      | 0 ||| qw: God list: Okawaru
     0 | D:1      | 0 ||| qw: Allow faded altars: false
     0 | D:1      | 0 ||| qw: Do Orc after clearing Dungeon:15 true
     0 | D:1      | 0 ||| qw: Do second Lair branch before Depths: true
     0 | D:1      | 0 ||| qw: Lair rune preference: random
     0 | D:1      | 0 ||| qw: Goals: Normal
     0 | D:1      | 0 ||| PLANNING D:1-11
    56 | D:1      | Found Puxias's Antique Weapon Emporium.
   218 | D:1      | Reached XP level 2. HP: 12/17 MP: 2/2
   804 | D:1      | 804 ||| UPGRADING to +0 cloak.
   809 | D:1      | 809 ||| READING scroll labelled YNWIPPARIA.
   810 | D:1      | 810 ||| READING scroll labelled EMAFAM QALEJIT.
   811 | D:1      | 811 ||| READING scroll labelled JOESEB NACZI.
   812 | D:1      | 812 ||| READING scroll labelled IRPHAR RUTZOXOI.
   813 | D:1      | 813 ||| DROPPING scroll of butterflies.
   916 | D:2      | Reached XP level 3. HP: 19/21 MP: 3/3
   954 | D:2      | Reached skill level 5 in Ranged Weapons
  1304 | D:2      | 1304 ||| READING scroll labelled TYANUNAOTO.
  1305 | D:2      | 1305 ||| DRINKING 2 metallic inky potions.
  1306 | D:2      | 1306 ||| DROPPING potion of attraction.
  1338 | D:3      | Found a runed translucent gate.
  1338 | D:3      | Found a runed translucent gate.
  1345 | D:3      | Found a runed translucent gate.
  1347 | D:3      | Noticed qw's ghost (amateur GrHu)
  1354 | D:3      | Identified the +6 dagger of Eckid {flame, rF+}
  1354 | D:3      | Identified the +4 scale mail of Least Resistance {+Blink
                  | rElec Int+5}
  1373 | D:3      | Reached skill level 3 in Fighting
  1379 | D:3      | HP: 5/23 [something (3)]
  1383 | D:3      | HP: 2/23 [something (2)]
  1388 | D:3      | HP: 2/23 [something (1)]
  1388 | D:3      | Slain by an orc wizard

Levels and vault maps discovered:
D:1:      heliophobic_arrival_battle_scene, layout_basic, serial_shops, shop
D:2:      layout_rooms, serial_curves, eino_curves_03, eino_curves_01
D:3:      layout_rooms, mainiacjoe_overflow_concentric_impassable,
          nicolae_tso_besieged_by_evil, nemelex_dance_club_becter,
          biasface_ghost_orc_armoury, uniq_crazy_yiuf_cottage

Skill      XL: |  1  2  3 |
---------------+----------+-----
Ranged Weapons | 5 |  5.0
Fighting       | 3 |  3.0
Dodging        | |  1.5
Stealth        | |  1.1

Action                     || total
---------------------------++-------
   Fire: Shortbow          ||    88
    Use: Scroll            ||     5
         Potion            ||     1
 Armour: Leather armour    ||    37
  Dodge: Dodged            ||    14

Table legend:
 A = Non-vault XP
 B = Vault XP
 C = Vault XP percentage of total XP
 D = Non-vault monster count
 E = Vault monster count
 F = Vault count percentage of total count
                 A         B        C        D         E       F
            +---------+---------+-------+---------+---------+-------
      Total |      75 |       0 |   0.0 |      31 |       0 |   0.0
            +---------+---------+-------+---------+---------+-------
        D:1 |      19 |       0 |   0.0 |      13 |       0 |   0.0
        D:2 |      40 |       0 |   0.0 |      12 |       0 |   0.0
        D:3 |      16 |       0 |   0.0 |       6 |       0 |   0.0
            +---------+---------+-------+---------+---------+-------
